 Dungeon Crawl Stone Soup version 0.21-a0-260-g9b2435e (webtiles) character file.

3926 Jeffwins the Basher (level 10, -10/73 HPs)
             Began as a Mummy Fighter on Sept 8, 2017.
             Was an Initiate of Gozag.
             Splashed by Erica's acid (13 damage)
             ... on level 8 of the Dungeon.
             The game lasted 00:16:35 (10034 turns).

Jeffwins the Basher (Mummy Fighter)                Turns: 10034, Time: 00:16:36

Health: -10/73     AC:  8    Str: 21    XL:     10   Next: 1%
Magic:  12/12      EV:  9    Int:  8    God:    Gozag
Gold:   95         SH:  9    Dex: 13    Spells: 9/9 levels left

rFire    . . .     SeeInvis .   s - +0 flail (crush)
rCold    + . .     Gourm    .   c - +0 shield
rNeg     + + +     Faith    .   h - +1 ring mail of the Barracuda {rF+ rN+}
rPois    ∞         Spirit   .   g - +0 helmet
rElec    .         Reflect  .   m - +2 cloak
rCorr    .         Harm     .   q - +0 pair of gloves
MR       +....                  (no boots)
Stlth    +.........             (no amulet)
HPRegen  0.22/turn              (no ring)
MPRegen  0.13/turn              (no ring)

@: corroded
A: no food or potions, fire vulnerability, cold resistance 1, negative energy
resistance 3, torment resistance, unbreathing
a: Potion Petition, Call Merchant, Bribe Branch, Renounce Religion


You were on level 8 of the Dungeon.
You worshipped Gozag.
Gozag was noncommittal.
You were not hungry.

You visited 1 branch of the dungeon, and saw 8 of its levels.
You also visited: Ossuary.

You collected 566 gold pieces.
You spent 375 gold pieces at shops.
You paid 96 gold pieces to Gozag.

Inventory:

Hand Weapons
 r - the +7 spear "Conservator" {flame, rC++}
   (You took it off an orc priest on level 4 of the Dungeon)

   It has been specially enchanted to burn those struck by it, causing extra
   injury to most foes and up to half again as much damage against particularly
   susceptible opponents.
   It greatly protects you from cold.
 s - a +0 flail of crushing (weapon)
Missiles
 l - 2 tomahawks of dispersal (quivered)
Armour
 c - a +0 shield (worn)
 g - a +0 helmet (worn)
 h - the +1 ring mail of the Barracuda (worn) {rF+ rN+}
   (You found it on level 6 of the Dungeon)

   It protects you from fire.
   It protects you from negative energy.
 m - a +2 cloak (worn)
 p - a +0 chain mail of cold resistance
 q - a +0 pair of gloves (worn)
Wands
 i - a wand of scattershot (4/9)
 o - a wand of confusion (15/48)
Scrolls
 d - 3 scrolls of remove curse
 e - 2 scrolls of recharging {unknown}
 f - 2 scrolls of amnesia {unknown}
 j - 4 scrolls of blinking
 k - 3 scrolls of identify
 t - 2 scrolls of enchant armour
 u - a scroll of fear
 v - a scroll of teleportation
Books
 a - a book of Battle

   Spells                             Type                      Level
   a - Infusion                       Charms                       1
   b - Shroud of Golubria             Charms/Translocation         2
   c - Song of Slaying                Charms                       2
   d - Spectral Weapon                Hexes/Charms                 3
   e - Regeneration                   Charms/Necromancy            3
 n - a book of Conjurations

   Spells                             Type                      Level
   a - Magic Dart                     Conjuration                  1
   b - Searing Ray                    Conjuration                  2
   c - Dazzling Spray                 Conjuration/Hexes            3
   d - Fulminant Prism                Conjuration/Hexes            4
   e - Force Lance                    Conjuration/Translocation    4
   f - Iskenderun's Mystic Blast      Conjuration                  4


   Skills:
 + Level 4.4 Fighting
 * Level 10.3 Maces & Flails
 + Level 3.6 Armour
 + Level 2.4 Dodging
 + Level 3.9 Shields
 + Level 2.7 Evocations


You had 9 spell levels left.
You didn't know any spells.

Dungeon Overview and Level Annotations

Branches:
Dungeon (8/15)             Temple (0/1) D:6
   Lair: D:8-11

Altars:
Fedhas
Gozag
Hepliaklqana
Nemelex Xobeh
Okawaru
Sif Muna
Vehumet
Wu Jian
Xom
Yredelemnul
The Shining One

Shops:
D:7 ?*

Annotations:
D:8 Erica


Innate Abilities, Weirdness & Mutations

You do not eat or drink.
Your flesh is vulnerable to fire.
You are immune to poison.
Your flesh is cold resistant. (rC+)
You are immune to negative energy. (rN+++)
You are immune to unholy pain and torment.
You can survive without breathing.


Message History

Deactivating autopickup; reactivate with Ctrl-A.
You hear some strange, mumbled words.
An orb of energy appears from out of thin air!
You block the orb of energy.
You hear a zap.
A bolt of acid appears from out of thin air!
The bolt of acid hits you! The acid corrodes you!
You are splashed with acid!
The acid burns!
You hear a zap.
A bolt of acid appears from out of thin air!
The bolt of acid hits you! The acid corrodes you!
You are splashed with acid!
The acid burns!
* * * LOW HITPOINT WARNING * * *
You hear a zap.
A bolt of acid appears from out of thin air!
The bolt of acid hits you!
* * * LOW HITPOINT WARNING * * *
You are splashed with acid!
The acid burns!
You die...
Your body crumbles into a pile of gold.

##. ..# ........ .. >. ...
#####...# #.###.# #.. ......)..
.....####.# ####...# #....$. ...
##.## #######...# #.# #######.##
.........# ####.# #.........
########.###.##.#######.#####.##
#.##....@.<............#
#.###.##........########
#.###.########### #......#
#####.## ###


There were no monsters in sight!

Vanquished Creatures
  A two-headed ogre (D:8)
  Grinder (D:3)
  Eustachio (D:6)
  Edmund (D:7)
  A water moccasin (D:5)
  Duvessa (D:6)
  An orc warrior (D:5)
  An ice beast (D:7)
  A phantom (D:7)
  A sky beast (D:6)
  An ogre (D:4)
  A centaur (D:4)
  5 bullfrogs
  Blork the orc (D:5)
  A scorpion (D:6)
  Dowan (D:6)
  2 howler monkeys (D:5)
  A centaur zombie (D:5)
  2 crimson imps (D:5)
  8 hounds
  A quasit (D:7)
  A gnoll shaman (D:4)
  4 orc priests
  Crazy Yiuf (D:2)
  A bullfrog skeleton (D:6)
  2 jellies
  Ijyb (D:3)
  An iguana (D:7)
  8 orc wizards
  Natasha (thrice) (D:2)
  3 worker ants
  3 big kobold zombies (Ossuary)
  6 mummies (Ossuary)
  Robin (D:2)
  11 adders
  8 gnolls
  2 shadow imps (D:6)
  7 worms
  2 dart slugs
  7 leopard geckos
  35 orcs
  2 bats
  4 giant cockroaches
  17 hobgoblins
  6 jackals
  2 quokkas (D:4)
  4 frilled lizards
  9 goblins
  A goblin zombie (Ossuary)
  A hobgoblin zombie (Ossuary)
  A jackal skeleton (D:7)
  12 kobolds
  2 kobold zombies (Ossuary)
  An orc zombie (Ossuary)
  A quokka skeleton (D:5)
  6 rats
210 creatures vanquished.

Notes
Turn   | Place    | Note
-------+----------+-------------------------------------------
     0 | D:1      | Jeffwins the Mummy Fighter began the quest for the Orb.
     0 | D:1      | Reached XP level 1. HP: 18/18 MP: 1/1
   134 | D:1      | Reached skill level 2 in Maces & Flails
   183 | D:1      | Reached XP level 2. HP: 24/24 MP: 2/2
   613 | D:2      | Noticed Robin
  1057 | D:1      | Reached XP level 3. HP: 7/29 MP: 3/3
  1306 | D:2      | Killed Robin
  1306 | D:2      | Reached skill level 3 in Maces & Flails
  1339 | D:2      | Noticed Natasha
  1346 | D:2      | Killed Natasha
  1346 | D:2      | Reached XP level 4. HP: 29/35 MP: 4/4
  1548 | D:2      | Found a basalt altar of Yredelemnul.
  1739 | D:2      | Found a shimmering altar of Xom.
  2042 | D:2      | Noticed Natasha
  2050 | D:2      | Killed Natasha
  2050 | D:2      | Reached skill level 4 in Maces & Flails
  2064 | D:2      | Reached XP level 5. HP: 37/41 MP: 5/5
  2604 | D:2      | Found an iron altar of Okawaru.
  2845 | D:2      | Found a runed door.
  2925 | D:2      | Noticed Natasha
  2928 | D:2      | Killed Natasha
  3049 | D:2      | Noticed Crazy Yiuf
  3063 | D:2      | Killed Crazy Yiuf
  3063 | D:2      | Reached skill level 5 in Maces & Flails
  3807 | D:2      | Reached XP level 6. HP: 8/47 MP: 6/6
  4077 | D:3      | Noticed Ijyb
  4089 | D:3      | Killed Ijyb
  4521 | D:3      | Noticed Grinder
  4611 | D:3      | Paralysed by Grinder for 3 turns
  4622 | D:3      | Paralysed by Grinder for 3 turns
  4632 | D:3      | Killed Grinder
  4632 | D:3      | Reached skill level 6 in Maces & Flails
  4632 | D:3      | Reached XP level 7. HP: 51/52 MP: 7/7
  5331 | D:4      | Got an ivory spear {flame}
  5332 | D:4      | Identified the +7 spear "Conservator" {flame, rC++} (You took it off an orc priest on level 4 of the Dungeon)
  5443 | D:4      | Reached skill level 7 in Maces & Flails
  6331 | D:4      | Reached XP level 8. HP: 24/58 MP: 8/8
  6629 | D:5      | Entered Level 5 of the Dungeon
  6645 | D:5      | Found a blossoming altar of Fedhas.
  6646 | D:5      | Noticed Blork the orc
  6653 | D:5      | Reached skill level 8 in Maces & Flails
  6662 | D:5      | Killed Blork the orc
  6826 | D:5      | Found a deep blue altar of Sif Muna.
  6864 | D:5      | Reached skill level 9 in Maces & Flails
  6881 | D:5      | Found an ornate altar of the Wu Jian Council.
  6887 | D:5      | Found a sand-covered staircase.
  6892 | Ossuary  | Entered an ossuary
  7802 | D:6      | Found a sparkling altar of Nemelex Xobeh.
  7830 | D:6      | Found a hazy altar of Hepliaklqana.
  7865 | D:6      | Found a radiant altar of Vehumet.
  7867 | D:6      | Found a glowing golden altar of the Shining One.
  7888 | D:6      | Reached XP level 9. HP: 54/64 MP: 9/9
  8014 | D:6      | You fall through a shaft!
  8015 | D:7      | Found an opulent altar of Gozag.
  8018 | D:7      | Found Gozag's Platinum Reserve.
  8025 | D:7      | Became a worshipper of Gozag Ym Sagoz the Greedy
  8113 | D:6      | Noticed Edmund
  8115 | D:6      | Noticed Eustachio
  8129 | D:7      | Killed Edmund
  8129 | D:7      | Reached skill level 1 in Dodging
  8170 | D:7      | Reached skill level 1 in Evocations
  8272 | D:6      | Killed Eustachio
  8358 | D:6      | Found a staircase to the Ecumenical Temple.
  8512 | D:6      | Found a sparkling altar of Nemelex Xobeh.
  8544 | D:6      | Noticed Dowan
  8560 | D:6      | Killed Dowan
  8564 | D:6      | Noticed Duvessa
  8577 | D:6      | Killed Duvessa
  8811 | D:6      | Got a smoking ring mail
  8822 | D:6      | Identified the cursed +1 ring mail of the Barracuda {rF+ rN+} (You found it on level 6 of the Dungeon)
  8953 | D:7      | Reached skill level 10 in Maces & Flails
  9002 | D:7      | Found Wibuinlu's Magic Scroll Emporium.
  9028 | D:7      | Bought a scroll of blinking for 97 gold pieces
  9028 | D:7      | Bought a scroll of enchant armour for 97 gold pieces
  9028 | D:7      | Bought a scroll of enchant armour for 97 gold pieces
  9028 | D:7      | Bought a scroll of fear for 45 gold pieces
  9028 | D:7      | Bought a scroll of teleportation for 39 gold pieces
  9686 | D:8      | Noticed a two-headed ogre
  9961 | D:8      | Killed a two-headed ogre
  9961 | D:8      | Reached XP level 10. HP: 70/73 MP: 10/12
 10019 | D:8      | Noticed Erica
 10034 | D:8      | HP: 3/73 [something/wand of acid (?/15) (13)]
 10034 | D:8      | Splashed by Erica's acid

Vault maps used:
D:1:      dpeg_arrival_short_road, serial_forest, infiniplex_forest_straight_2,
          infiniplex_forest_lined_3_way, infiniplex_forest_lined_4_way,
          infiniplex_forest_clump_small, infiniplex_forest_straight_5,
          infiniplex_forest_fountain, infiniplex_forest_clump_double,
          infiniplex_forest_lined_3_way, infiniplex_forest_end_double
D:2:      lemuel_round_altar, yredelemnul_altar_generic,
          okawaru_altar_gauntlet_db, first_bread, uniq_crazy_yiuf_cottage,
          uniq_natasha, uniq_robin
D:3:      cheibrodos_pilgrimage, uniq_grinder, uniq_ijyb
D:4:      minmay_misc_feat_cross
D:5:      fedhas_altar_1, kennysheep_mini_moat, lemuel_crystal_altar,
          nicolae_ossuary_entry_false_entrances, uniq_blork_the_orc
D:6:      nemelex_altar_shiori, nicolae_overflow_hidden_temple,
          minmay_temple_entry_grid, basic_altar, uniq_eustachio, uniq_duvessa,
          uniq_edmund
D:7:      nicolae_gozag_zags_fifth_avenue, serial_shops, shop_fountains
D:8:      uniq_erica
Ossuary:  ossuary_crypta

Skill      XL: |  1  2  3  4  5  6  7  8  9 |
---------------+----------------------------+-----
Maces & Flails | 2 3 4 5 6 7 9 10 | 10.3
Dodging        | 2 |  2.4
Evocations     | 2 |  2.7
Shields        | 3 |  3.9
Armour         | 3 |  3.6
Fighting       | 4 |  4.4

Action                   |  1- 3 |  4- 6 |  7- 9 | 10-12 || total
-------------------------+-------+-------+-------+-------++-------
Melee: Flail             |    86 |   267 |   258 |     5 ||   616
       Spear             |       |       |   297 |       ||   297
Throw: Stone             |       |    28 |       |       ||    28
       Tomahawk          |       |     3 |       |       ||     3
Evoke: Wand              |       |       |     5 |     1 ||     6
  Use: Scroll            |       |       |    11 |       ||    11
 Stab: Confused          |       |       |     2 |       ||     2
       Distracted        |       |       |     1 |       ||     1
       Sleeping          |       |       |     1 |       ||     1
Armor: Scale mail        |    41 |    88 |       |       ||   129
       Chain mail        |       |    32 |   186 |       ||   218
       Leather armour    |       |       |    45 |       ||    45
       Ring mail         |       |       |    42 |     1 ||    43
Dodge: Dodged            |    43 |    75 |   117 |     3 ||   238
Block: Shield            |    49 |   111 |   219 |     3 ||   382

Table legend:
 A = Spawn XP
 B = Non-spawn XP
 C = Spawn XP percentage of total XP
 D = Spawn monster count
 E = Non-spawn monster count
 F = Spawn count percentage of total count
 G = Total turns spent on level
                    A         B        C        D         E        F      G
               +---------+---------+-------+---------+---------+-------+---------
         Total |       0 |    5609 |   0.0 |       0 |     210 |   0.0 | 10034
               +---------+---------+-------+---------+---------+-------+---------
           D:1 |       0 |      51 |   0.0 |       0 |      19 |   0.0 |  1509
           D:2 |       0 |     377 |   0.0 |       0 |      43 |   0.0 |  2702
           D:3 |       0 |     489 |   0.0 |       0 |      35 |   0.0 |  1085
           D:4 |       0 |     527 |   0.0 |       0 |      26 |   0.0 |  1333
           D:5 |       0 |    1061 |   0.0 |       0 |      26 |   0.0 |   853
           D:6 |       0 |    1022 |   0.0 |       0 |      26 |   0.0 |   958
           D:7 |       0 |     958 |   0.0 |       0 |      17 |   0.0 |  1246
           D:8 |       0 |     937 |   0.0 |       0 |       4 |   0.0 |   107
       Ossuary |       0 |     187 |   0.0 |       0 |      14 |   0.0 |   241
               +---------+---------+-------+---------+---------+-------+---------
